 Dungeon Crawl Stone Soup version 0.32-a0-711-g016ad74 (webtiles) character file.

Game seed: 2936221225314568189

341 PidgeyThePirate the Shooter (level 6, -6/46 HPs)
             Began as a Coglin Hunter on Mar 15, 2024.
             Killed by nerve-wracking pain
             ... invoked by an orc priest
              (13 damage)
             ... on level 4 of the Dungeon.
             The game lasted 00:05:03 (2576 turns).

PidgeyThePirate the Shooter (Coglin Hunter)         Turns: 2576, Time: 00:05:04

Health: -6/46      AC:  6    Str: 14    XL:     6   Next: 56%
Magic:  6/6        EV: 11    Int:  8    God:
Gold:   150        SH:  0    Dex: 17    Spells: 5/5 levels left

rFire   . . .        a - +2 sling {Artakama}
rCold   . . .        d - +0 sling {Dalbir}
rNeg    . . .        c - +0 leather armour
rPois   .            k - +2 helmet
rElec   .            i - scarf {repulsion}
rCorr   .            (no gloves)
SInv    .            (no boots)
Will    .....        (amulet unavailable)
Stlth   ++           (ring unavailable)
HPRegen 0.27/turn    (ring unavailable)
MPRegen 0.10/turn    (no gizmo)

%: repel missiles
@: no status effects
A: off-hand wielding, slow wielding, warmup strikes, no jewellery
a: Invent Gizmo, Convert to Beogh


You were on level 4 of the Dungeon.
You visited 1 branch of the dungeon, and saw 4 of its levels.

You collected 150 gold pieces.

Inventory:

Hand Weapons
 a - a +2 sling (weapon) {Artakama}
 d - a +0 sling (offhand) {Dalbir}
Armour
 c - a +0 leather armour (worn)
 i - a scarf of repulsion (worn)
 k - a +2 helmet (worn)
Wands
 q - a wand of light (5)
Scrolls
 b - 3 scrolls of butterflies
 e - 3 scrolls of teleportation {unknown}
 g - 5 scrolls of identify {unknown}
 h - a scroll of fear {unknown}
 j - 2 scrolls of noise {unknown}
 l - 2 scrolls of amnesia {unknown}
 m - 2 scrolls of fog {unknown}
 r - a scroll of enchant weapon {unknown}
Potions
 n - a potion of brilliance


   Skills:
 + Level 2.8 Fighting
 + Level 6.6 Ranged Weapons
 + Level 0.4 Armour
 + Level 1.8 Dodging
 + Level 0.7 Stealth


You had 5 spell levels left.
You didn't know any spells.
Your spell library contained the following spells:

 Spells                   Type           Power      Damage    Failure   Level
 Foxfire                  Conj/Fire      0%         2x1d4     50%         1
 Plasma Beam              Fire/Air       0%         2x1d10    100%        6
 Starburst                Conj/Fire      0%         6d3       100%        6


Dungeon Overview and Level Annotations

Branches:
Dungeon (4/15)
 Temple: D:4-7

Altars:
Elyvilon
Sif Muna

Annotations:
D:3 3 runed translucent doors, Dega's ghost, amateur VSFi; aor's ghost, amateur OpMo; bongcheondong's ghost, amateur OnWr
D:4 Edmund; Pikel


Innate Abilities, Weirdness & Mutations

You can wield a second weapon in your off-hand.
It takes a long time for you to wield or remove held weapons.
Your first few attacks do less damage.
You cannot equip rings or amulets.


Message History

The orc priest invokes the aid of Beogh against you.
Pain shoots through your body!
You shoot a sling bullet.
The sling bullet barely misses the orc priest.
The sling bullet closely misses Edmund.
You shoot a sling bullet. The sling bullet hits the orc priest.
The orc priest is almost dead.
The orc priest invokes the aid of Beogh against you.
Beogh smites you!
You shoot a sling bullet.
The sling bullet hits the orc but does no damage.
You shoot a sling bullet.
The sling bullet closely misses the orc.
Unknown command.
You shoot a sling bullet. The sling bullet hits the orc.
The orc is moderately wounded.
You shoot a sling bullet. The sling bullet barely misses the orc.
The orc hits you but does no damage. The orc hits you with a +0 club.
You shoot a sling bullet. The sling bullet hits the orc.
You kill the orc!
You shoot a sling bullet.
The orc priest invokes the aid of Beogh against you.
Beogh smites you! The orc hits you with a +0 club.
The orc priest shouts, "Surrender to Beogh and we'll let you live!" (press Y on the ability menu to convert to Beogh)
The orc attacks as it pursues you! The orc hits you but does no damage.
The orc priest invokes the aid of Beogh against you.
Beogh smites you!
* * * LOW HITPOINT WARNING * * *
The orc attacks as it pursues you! The orc barely misses you.
The orc attacks as it pursues you! The orc barely misses you.
The orc attacks as it pursues you! The orc hits you but does no damage.
The orc attacks as it pursues you! The orc hits you with a +0 club.
* * * LOW HITPOINT WARNING * * *
The orc attacks as it pursues you! The orc hits you but does no damage.
The orc attacks as it pursues you! The orc hits you with a +0 club.
* * * LOW HITPOINT WARNING * * *
The orc priest mumbles some strange prayers to Beogh against you.
Pain shoots through your body!
You die...

..'# #..# #.#
.##5J.≈..
#.####.# .##
_.§._ #......#
..# .≈..
#@....## .###
### +..o..#
...# ##.....##
##.# #......o#
##.# #.......#
##.# #......@#
.... ###....<#
##.# #...).#
#.#
#............
#.#
#...)...####.#
..........
.#......###
........#
...[....#


You could see Edmund, an orc priest and an orc.

Vanquished Creatures
  Sigmund (D:3)
  An iguana (D:4)
  6 adders
  A dart slug (D:3)
  3 ribbon worms (D:2)
  4 orcs
  6 endoplasms
  2 giant cockroaches
  7 goblins
  7 hobgoblins
  7 kobolds
  3 quokkas
  5 ball pythons
  5 bats
  14 frilled lizards
  7 rats
  A spectral goblin (D:2)
80 creatures vanquished.

Notes
Turn   | Place    | Note
-------+----------+-------------------------------------------
     0 | D:1      | PidgeyThePirate the Coglin Hunter began the quest for the
                  | Orb.
     0 | D:1      | Reached XP level 1. HP: 16/16 MP: 1/1
   249 | D:1      | Reached skill level 4 in Ranged Weapons
   249 | D:1      | Reached XP level 2. HP: 22/22 MP: 2/2
   832 | D:2      | Reached XP level 3. HP: 27/27 MP: 3/3
  1125 | D:2      | Reached XP level 4. HP: 33/33 MP: 4/4
  1150 | D:2      | Found a faded altar of an unknown god.
  1213 | D:2      | Reached skill level 5 in Ranged Weapons
  1485 | D:3      | Found a runed translucent gate.
  1488 | D:3      | Found a runed translucent gate.
  1488 | D:3      | Found a runed translucent gate.
  1493 | D:3      | Noticed bongcheondong's ghost (amateur OnWr)
  1493 | D:3      | Noticed aor's ghost (amateur OpMo)
  1493 | D:3      | Noticed Dega's ghost (amateur VSFi)
  1539 | D:3      | Identified the +1 robe "Etomp" {*Slow rElec Str+9 Stlth+}
  1685 | D:3      | Noticed Sigmund
  1706 | D:3      | Killed Sigmund
  1707 | D:3      | Reached skill level 6 in Ranged Weapons
  1707 | D:3      | Reached XP level 5. HP: 36/39 MP: 5/5
  1707 | D:3      | Reached XP level 6. HP: 43/46 MP: 6/6
  2258 | D:4      | Found a shimmering blue altar of Sif Muna.
  2258 | D:4      | Found a white marble altar of Elyvilon.
  2258 | D:4      | Noticed Pikel
  2556 | D:4      | Noticed Edmund
  2576 | D:4      | Killed from afar by an orc priest

Illustrated notes

Levels and vault maps discovered:
D:1:      evilmike_arrival_crescent, layout_basic
D:2:      layout_loops_ring, dreamdust_ecumenical_altar_drowned_temple,
          st_stairs_12, minmay_lizard_king
D:3:      layout_rooms, gammafunk_ghost_cemetery, solitary_fountain,
          grunt_ministairs_14, roderic_roman_lattice, uniq_sigmund
D:4:      layout_loops_ring, mainiacjoe_overflow_divided_tiny,
          minmay_temple_entry_grid, uniq_duvessa, uniq_pikel, uniq_edmund

Skill      XL: |  1  2  3  4 |
---------------+-------------+-----
Ranged Weapons | 4 6 |  6.6
Fighting       | |  2.8
Armour         | |  0.4
Dodging        | |  1.8
Stealth        | |  0.7

Action                     |  1- 3 |  4- 6 || total
---------------------------+-------+-------++-------
   Fire: Sling             |   152 |   230 ||   382
    Use: Potion            |       |     5 ||     5
 Armour: Leather armour    |     4 |    32 ||    36
  Dodge: Dodged            |     7 |    35 ||    42
         Repelled          |       |     2 ||     2

Table legend: (Time is in decaauts)
 A = Elapsed time spent in this place.
 B = Non-inter-level travel time spent in this place.
 C = Inter-level travel time spent in this place.
 D = Time resting spent in this place.
 E = Time spent auto-exploring this place.
 F = Levels seen in this place.
 G = Mean time per level.
                   A        B        C        D        E       F      G
               +--------+--------+--------+--------+--------+-----+--------+
         Total |   2594 |   2492 |    102 |      0 |   2033 |   4 |  648.5 |
       Dungeon |   2594 |   2492 |    102 |      0 |   2033 |   4 |  648.5 |
               +--------+--------+--------+--------+--------+-----+--------+

Top non-repeatable levels by time:
     D:1: 809 daAuts
     D:3: 754 daAuts
     D:2: 700 daAuts
     D:4: 330 daAuts
